 Dungeon Crawl Stone Soup version 0.29-a0-275-g389c0b56f3 (webtiles) character file.

Game seed: 4671270610928653403

1441 drugrobin the Cleaver (level 8, -5/68 HPs)
             Began as a Demigod Fighter on Mar 11, 2022.
             Killed by vampiric draining
             ... invoked by a vampire
              (16 damage)
             ... on level 5 of the Dungeon.
             The game lasted 00:17:27 (7811 turns).

drugrobin the Cleaver (Demigod Fighter)             Turns: 7811, Time: 00:17:28

Health: -5/68      AC:  9    Str: 25    XL:     8   Next: 22%
Magic:  10/10      EV: 11    Int: 10    God:
Gold:   199        SH:  5    Dex: 19    Spells: 7/7 levels left

rFire   . . .      SeeInvis .   a - +0 war axe
rCold   . . .      Faith    .   c - +0 buckler
rNeg    . . .      Spirit   .   i - +0 chain mail
rPois   .          Reflect  .   (no helmet)
rElec   .          Harm     .   (no cloak)
rCorr   .          Rampage  .   (no gloves)
Will    .....                   (no boots)
Stlth   ..........              q - amulet of the acrobat
HPRegen 0.21/turn               j - +4 ring of evasion
MPRegen 0.12/turn               F - +6 ring of dexterity

@: no status effects
A: high MP 1, forlorn, divine attributes
a: no special abilities


You were on level 5 of the Dungeon.
You visited 1 branch of the dungeon, and saw 6 of its levels.
You also visited: Sewer.

You collected 329 gold pieces.
You spent 130 gold pieces at shops.

Inventory:

Hand Weapons
 a - a +0 war axe (weapon)
 b - a +1 whip of venom
 y - a +0 hand axe
Missiles
 r - 92 stones (quivered)
 B - a curare-tipped dart
Armour
 c - a +0 buckler (worn)
 i - a +0 chain mail (worn)
Jewellery
 f - the ring of Xom's Passing Interest {Fire Contam Will+ Stlth+}
   (You found it on level 2 of the Dungeon)

   [ring of fire]

   It enhances your fire magic.
   rF:        It protects you from fire.
   rC:        It makes you vulnerable to cold.
   Contam:    It causes magical contamination when unequipped.
   Will:      It increases your willpower.
   Stlth:     It makes you more stealthy.
 j - a +4 ring of evasion (left hand)
 q - an amulet of the acrobat (around neck)
 F - a +6 ring of dexterity (right hand)
Scrolls
 g - 2 scrolls of amnesia {unknown}
 m - 2 scrolls of immolation {unknown}
 o - a scroll of fog {unknown}
 p - 3 scrolls of teleportation {unknown}
 s - a scroll of summoning
 t - a scroll of identify {unknown}
 v - a scroll of enchant weapon {unknown}
 w - 4 scrolls of blinking
 C - a scroll of noise {unknown}
 D - a scroll of torment {unknown}
 G - a scroll of vulnerability {unknown}
Potions
 d - a potion of might
 e - 3 potions of flight
 h - 3 potions of curing
 k - a potion of attraction {unknown}
 l - 2 potions of resistance {unknown}
 n - a potion of cancellation {unknown}
 u - a potion of ambrosia {unknown}
 x - 2 potions of invisibility {unknown}
 z - 2 potions of magic {unknown}
 A - a potion of mutation {unknown}
 E - a potion of lignification {unknown}


   Skills:
 - Level 5.0 Fighting
 * Level 8.7 Axes
 - Level 2.8 Armour
 - Level 2.8 Shields


You had 7 spell levels left.
You didn't know any spells.
Your spell library contained the following spells:

 Spells                   Type           Power      Damage    Failure   Level
 Beastly Appendage        Tmut           0%         N/A       98%         1
 Wereblood                Tmut           0%         N/A       99%         2
 Spider Form              Tmut/Pois      0%         N/A       100%        3
 Stone Arrow              Conj/Erth      0%         3d7       100%        3
 Animate Armour           Summ/Erth      0%         N/A       100%        4
 Lehudib's Crystal Spear  Conj/Erth      0%         10d2      100%        8


Dungeon Overview and Level Annotations

Branches:
Dungeon (6/15)              Sewer (visited)
 Temple: D:4-7

Shops:
D:1 !

Annotations:
D:2 Sigmund
D:4 1 runed translucent door, Crazy Yiuf


Innate Abilities, Weirdness & Mutations

You have an increased reservoir of magic. (+10% MP)
You shall have no god before yourself.
Your divine heritage dramatically boosts your attributes as you level up.


Message History

You block something's attack.
You closely miss something. Something hits you! Something bites you.
Something draws strength from your injuries!
You closely miss something. Something draws life force from you!
You closely miss something. Something hits you.
Something bites you but does no damage.
You closely miss something.
You hear some strange, mumbled words.
You are confused.
An orc comes into view. It is wielding a +0 hand axe.
Something completely misses you. Something bites you.
Something draws strength from your injuries!
Unknown command.
You feel better.
The orc shouts!
Something hits you but does no damage. Something bites you!
Something draws strength from your injuries!
Unknown command.
Unknown command.
You slash something! Something hits you but does no damage.
Something bites you!
* * * LOW HITPOINT WARNING * * *
Something draws strength from your injuries!
Unknown command.
Unknown command.
You feel better. Something hits you.
* * * LOW HITPOINT WARNING * * *
You block something's attack.
You hit something but do no damage. Something hits you!
* * * LOW HITPOINT WARNING * * *
Something bites you but does no damage.
Unknown command.
You miss something.
You hear some strange, mumbled words.
Something tries to affect you, but you resist.
Unknown command.
You hit something but do no damage. You slash the orc!
You kill the orc!
Something draws life force from you!
You die...

.......#..# #...##...########.
.......#..# #...##............
.......#..# #...#.....#.....#.
.......#..# #...#.....#.....#.
.......##'# #...##....#.....#.
.......#..######...####'##.....#.
.......#..#..............#.....#.
.......#..#.....)........#.....##
.....<.#..##....@..#######.....#
.....).#'###.......#...........#
..[....#...#.......#.......<...#
.....).#...#.......#...........#
.....>.#...#.......#...........#
.......#...#.......#......######
.......#.).#.......#......#
.......#.).#....)..#.....V#
.......#.)##)###...#.....†#


There were no monsters in sight!

Vanquished Creatures
  A water moccasin (D:3)
  An ice beast (D:4)
  2 phantoms
  A kobold brigand (D:4)
  Blork the orc (D:5)
  2 bullfrogs (Sewer)
  2 necrophages
  A scorpion (D:5)
  A howler monkey (D:5)
  A hound (D:5)
  3 orc priests
  A gnoll shaman (D:5)
  4 orc wizards
  20 adders
  3 gnolls (D:5)
  A river rat (D:3)
  An ufetubus (D:4)
  4 worms
  3 dart slugs
  18 orcs
  10 ball pythons
  7 endoplasms
  4 giant cockroaches
  5 goblins
  8 hobgoblins
  8 jackals
  16 quokkas
  5 bats
  11 frilled lizards
  8 kobolds
  6 rats
159 creatures vanquished.

Vanquished Creatures (others)
  24 plants (D:3)
24 creatures vanquished.

Grand Total: 183 creatures vanquished

Notes
Turn   | Place    | Note
-------+----------+-------------------------------------------
     0 | D:1      | drugrobin the Demigod Fighter began the quest for the Orb.
     0 | D:1      | Reached XP level 1. HP: 18/18 MP: 3/3
     8 | D:1      | Found Mudojeme's Distillery.
   365 | D:1      | Reached skill level 2 in Axes
   530 | D:1      | Reached XP level 2. HP: 24/25 MP: 4/4
  1105 | D:2      | Reached XP level 3. HP: 25/31 MP: 5/5
  1427 | D:2      | Identified the ring of Xom's Passing Interest {Fire Contam
                  | Will+ Stlth+}
  1538 | D:2      | Reached skill level 3 in Axes
  2028 | D:2      | Reached XP level 4. HP: 38/38 MP: 6/6
  2223 | D:2      | Noticed Sigmund
  2918 | D:3      | Found a glowing drain.
  2922 | Sewer    | Entered a sewer
  3038 | Sewer    | Reached skill level 4 in Axes
  3043 | Sewer    | Reached XP level 5. HP: 46/46 MP: 7/7
  3571 | Sewer    | Reached XP level 6. HP: 42/52 MP: 8/8
  3647 | Sewer    | Reached skill level 5 in Axes
  4198 | D:3      | Noticed a water moccasin
  4218 | D:3      | Killed a water moccasin
  4602 | D:1      | Bought 2 potions of curing for 78 gold pieces
  4602 | D:1      | Bought a potion of flight for 39 gold pieces
  4602 | D:1      | Bought a potion of degeneration for 13 gold pieces
  4913 | D:4      | Found a runed translucent door.
  4914 | D:4      | Noticed Crazy Yiuf
  5013 | D:4      | You fall into a shaft and drop 2 floors!
  5224 | D:5      | Entered Level 5 of the Dungeon
  5273 | D:5      | Reached skill level 5 in Fighting
  5273 | D:5      | Reached skill level 6 in Axes
  5273 | D:5      | Reached XP level 7. HP: 60/61 MP: 9/9
  5994 | D:3      | Reached skill level 7 in Axes
  6416 | D:5      | Noticed Blork the orc
  6520 | D:5      | Killed Blork the orc
  6603 | D:5      | Reached skill level 8 in Axes
  6884 | D:5      | Reached XP level 8. HP: 68/68 MP: 10/10
  7811 | D:5      | Killed from afar by a vampire

Illustrated notes

Levels and vault maps discovered:
D:1:      minmay_arrival_four_houses, layout_loops_ring, serial_shops, shop,
          ebering_ecumenical_altar_abandoned, kennysheep_pointless_box,
          kennysheep_minor_cross
D:2:      layout_basic, hex_tiny, uniq_sigmund
D:3:      layout_loops_ring, grunt_dithmenos_smoke_and_mirrors,
          gup_sewer_entry_spiral, serial_bayou_lagoon_a
D:4:      layout_loops_cross, okawaru_ov_weapons_minmay, uniq_crazy_yiuf_cottage
D:5:      layout_gridville, uniq_blork_the_orc
D:6:      layout_basic, kennysheep_small_circle

Skill      XL: |  1  2  3  4  5  6  7 |
---------------+----------------------+-----
Axes           | 2 3 4 6 8 |  8.7
Fighting       | 3 4 5 |  5.0
Armour         | |  2.8
Shields        | |  2.8

Action                   |  1- 3 |  4- 6 |  7- 9 || total
-------------------------+-------+-------+-------++-------
Melee: War axe           |   104 |   262 |    88 ||   454
       Hand axe          |    36 |       |       ||    36
       Dagger            |       |     1 |    48 ||    49
       Whip              |       |       |    55 ||    55
Throw: Stone             |       |    11 |     6 ||    17
  Use: Potion            |       |       |     2 ||     2
Armor: Scale mail        |    23 |       |       ||    23
       Chain mail        |    51 |   117 |    67 ||   235
Dodge: Dodged            |    76 |   167 |    87 ||   330
Block: Buckler           |    35 |    47 |    42 ||   124

Table legend: (Time is in decaauts)
 A = Elapsed time spent in this place.
 B = Non-inter-level travel time spent in this place.
 C = Inter-level travel time spent in this place.
 D = Time resting spent in this place.
 E = Time spent auto-exploring this place.
 F = Levels seen in this place.
 G = Mean time per level.
                   A        B        C        D        E       F      G
               +--------+--------+--------+--------+--------+-----+--------+
         Total |   8131 |   7847 |    284 |   1882 |   3340 |   7 | 1161.6 |
       Dungeon |   7080 |   6796 |    284 |   1553 |   3130 |   6 | 1180.0 |
         Sewer |   1051 |   1051 |      0 |    328 |    209 |   1 | 1051.0 |
               +--------+--------+--------+--------+--------+-----+--------+

Top non-repeatable levels by time:
     D:3: 1716 daAuts
     D:1: 1447 daAuts
     D:4: 1378 daAuts
     D:2: 1283 daAuts
   Sewer: 1051 daAuts
     D:5: 1041 daAuts
     D:6: 212 daAuts
